 Dungeon Crawl Stone Soup version 0.27-a0-585-g945025970d (webtiles) character file.

Game seed: 7597167471987475458

1519 Garpagan the Cleaver (level 8, -1/68 HPs)
             Began as a Hill Orc Fighter on Mar 8, 2021.
             Succumbed to a killer bee's poison
             ... on level 5 of the Dungeon on Mar 10, 2021.
             The game lasted 00:31:59 (5669 turns).

Garpagan the Cleaver (Hill Orc Fighter)             Turns: 5669, Time: 00:32:01

Health: -1/68      AC: 10    Str: 21    XL:     8   Next: 84%
Magic:  8/8        EV:  8    Int: 14    God:
Gold:   223        SH: 10    Dex: 10    Spells: 7/7 levels left

rFire    . . .     SeeInvis .   a - +0 war axe
rCold    . . .     Faith    .   c - +0 kite shield
rNeg     . . .     Spirit   .   s - +1 scale mail {Will+}
rPois    .         Reflect  .   A - +1 helmet
rElec    .         Harm     .   (no cloak)
rCorr    .         Rampage  .   (no gloves)
Will     +....                  (no boots)
Stlth    ..........             (no amulet)
HPRegen  0.21/turn              (no ring)
MPRegen  0.11/turn              u - +6 ring of intelligence

@: mighty, lethally poisoned (-1 -> -19)
A: no striking features
a: no special abilities


You were on level 5 of the Dungeon.
You visited 1 branch of the dungeon, and saw 5 of its levels.
You also visited: Ossuary.

You collected 223 gold pieces.

Inventory:

Hand Weapons
 a - a +0 war axe (weapon)
 z - a +0 club
Armour
 b - a +0 scale mail
 c - a +0 kite shield (worn)
 s - a +1 scale mail of willpower (worn)
 x - a +0 helmet
 A - a +1 helmet (worn)
Jewellery
 h - an amulet of magic regeneration
 u - a +6 ring of intelligence (right hand)
Wands
 p - a wand of mindburst (10)
Scrolls
 f - 4 scrolls of teleportation {unknown}
 g - a scroll of enchant armour {unknown}
 i - a scroll of fog {unknown}
 j - 2 scrolls of random uselessness {unknown}
 k - 7 scrolls of identify {unknown}
 n - a scroll of blinking {unknown}
 v - a scroll of amnesia {unknown}
 y - a scroll of immolation {unknown}
 D - a scroll of holy word {unknown}
Potions
 d - 3 potions of might
 e - 3 potions of mutation {unknown}
 l - a potion of lignification {unknown}
 m - a potion of brilliance {unknown}
 o - 2 potions of flight {unknown}
 q - a potion of magic {unknown}
 r - a potion of heal wounds {unknown}
 t - a potion of attraction {unknown}
 w - a potion of curing {unknown}
 B - a potion of invisibility {unknown}
 C - 2 potions of haste {unknown}


   Skills:
 + Level 5.2 Fighting
 + Level 9.7 Axes
 + Level 5.3 Armour
 + Level 2.3 Dodging
 + Level 0.5 Stealth
 + Level 6.5 Shields


You had 7 spell levels left.
You didn't know any spells.
Your spell library was empty.

Dungeon Overview and Level Annotations

Branches:
Dungeon (5/15)            Ossuary (visited)
 Temple: D:4-7

Altars:
Vehumet


Message History

The killer bee barely misses you.
The killer bee stings you but does no damage. x3
The hound pauses to sniff the ground.
The hound barely misses you. The killer bee barely misses you.
You block the killer bee's attack.
You feel very mighty all of a sudden.
* * * LOW HITPOINT WARNING * * *
You feel sick. The killer bee stings you.
* * * LOW HITPOINT WARNING * * *
You are more poisoned.
The killer bee poisons you! The killer bee barely misses you.
The killer bee stings you but does no damage.
You block the killer bee's attack. The hound bites you.
* * * LOW HITPOINT WARNING * * *
You block the killer bee's attack.
The killer bee stings you but does no damage.
The killer bee stings you.
* * * LOW HITPOINT WARNING * * *
The killer bee barely misses you. The hound bites you but does no damage.
You completely miss the killer bee.
The killer bee is almost dead.
You miss the killer bee. You miss the hound. You miss the killer bee.
You barely miss the killer bee.
* * * LOW HITPOINT WARNING * * *
You feel sick.
The killer bee stings you but does no damage.
You block the killer bee's attack. The killer bee closely misses you.
You block the killer bee's attack. x3; The hound barely misses you.
The killer bee stings you but does no damage.
The killer bee barely misses you. You block the killer bee's attack. x2
The hound bites you.
* * * LOW HITPOINT WARNING * * *
Unknown command.
You closely miss the killer bee.
The killer bee is almost dead.
You slash the killer bee!
You kill the killer bee!
You completely miss the hound. You slash the killer bee!
You barely miss the killer bee.
You die...

#.)...###...#
#?..$.#....
#........ #.....#
#/## ##..# ##y..#
##yy..# #y@hy.#
##.#...# ###
#..#...# ##8##
#.##...# #...#
#.##...###...#
##.##...∩.....# #
###..#....###..)#
#. ##.........#
#...#
#.######....<.....#
##8##


You could see a hound and 5 killer bees.

Vanquished Creatures
  Pikel (D:4)
  An ogre (D:5)
  A phantom (D:4)
  A lemure (D:4)
  2 elf zombies (Ossuary)
  A scorpion (D:5)
  A killer bee (D:5)
  2 centaur zombies (Ossuary)
  2 hounds
  2 human zombies (Ossuary)
  3 orc wizards (D:4)
  Natasha (twice) (D:2)
  A worker ant (D:4)
  3 iguanas
  A mummy (Ossuary)
  Robin (D:4)
  9 adders
  An ufetubus (D:5)
  2 oozes
  4 adder zombies (Ossuary)
  An adder skeleton (D:4)
  A worm (D:2)
  4 dart slugs
  2 leopard geckos
  27 orcs
  5 giant cockroaches
  17 goblins
  15 hobgoblins
  2 jackals (D:1)
  A quokka (D:2)
  2 ball pythons (D:3)
  17 bats
  6 frilled lizards
  9 hobgoblin zombies (Ossuary)
  5 kobolds
  11 kobold zombies (Ossuary)
  A leopard gecko skeleton (D:4)
  6 orc zombies (Ossuary)
  A quokka zombie (D:5)
  8 rats
  A rat zombie (Ossuary)
183 creatures vanquished.

Notes
Turn   | Place    | Note
-------+----------+-------------------------------------------
     0 | D:1      | Garpagan the Hill Orc Fighter began the quest for the Orb.
     0 | D:1      | Reached XP level 1. HP: 19/19 MP: 1/1
   145 | D:1      | Reached XP level 2. HP: 27/27 MP: 2/2
   247 | D:1      | Reached skill level 3 in Axes
   537 | D:1      | Reached XP level 3. HP: 33/33 MP: 3/3
  1315 | D:2      | Reached XP level 4. HP: 32/40 MP: 4/4
  1543 | D:2      | Reached skill level 4 in Axes
  1762 | D:2      | Noticed Natasha
  1769 | D:2      | Killed Natasha
  1932 | D:2      | Reached XP level 5. HP: 46/46 MP: 5/5
  2135 | D:2      | Noticed Natasha
  2139 | D:2      | Killed Natasha
  2259 | D:3      | Upgraded the game from 0.27-a0-553-ge0ab5a2769 to
                  | 0.27-a0-585-g945025970d
  2831 | D:3      | Reached skill level 5 in Axes
  3092 | D:3      | Reached XP level 6. HP: 51/53 MP: 6/6
  3434 | D:3      | Found a radiant altar of Vehumet.
  3882 | D:4      | Reached skill level 5 in Shields
  4266 | D:4      | Noticed Pikel
  4277 | D:4      | Killed Pikel
  4278 | D:4      | Reached skill level 7 in Axes
  4278 | D:4      | Reached skill level 1 in Dodging
  4278 | D:4      | Reached XP level 7. HP: 60/60 MP: 7/7
  4281 | D:4      | Reached skill level 8 in Axes
  4281 | D:4      | Reached XP level 8. HP: 65/67 MP: 8/8
  4620 | D:4      | Noticed Robin
  4636 | D:4      | Killed Robin
  4937 | D:5      | Entered Level 5 of the Dungeon
  4962 | D:5      | Reached skill level 5 in Armour
  4965 | D:5      | Reached skill level 5 in Fighting
  5149 | D:5      | Found a sand-covered staircase.
  5157 | Ossuary  | Entered an ossuary
  5347 | Ossuary  | Reached skill level 9 in Axes
  5668 | D:5      | HP: 3/68 [poisoned by a killer bee]
  5668 | D:5      | HP: 1/68 [hound (2)]
  5669 | D:5      | Succumbed to a killer bee's poison

Illustrated notes

Levels and vault maps discovered:
D:1:      lemuel_arrival_room, layout_basic, minmay_misc_feat_plants,
          minmay_tromino_v4_b
D:2:      layout_rooms, guppyfry_early_orc_mine, uniq_natasha
D:3:      layout_basic, nicolae_vehumet_altar_sigil
D:4:      layout_loops_cross, kennysheep_flooded_box, minmay_unequal,
          uniq_pikel, uniq_robin
D:5:      layout_rooms, minmay_temple_entry_grid, chequers_ossuary_entry_cave

Skill      XL: |  1  2  3  4  5  6  7  8 |
---------------+-------------------------+-----
Axes           | 3 4 5 7 8 9 |  9.7
Shields        | 4 5 6 |  6.5
Fighting       | 4 5 |  5.2
Armour         | 4 5 |  5.3
Dodging        | 1 2 |  2.3
Stealth        | |  0.5

Action                   |  1- 3 |  4- 6 |  7- 9 || total
-------------------------+-------+-------+-------++-------
Melee: War axe           |    92 |   291 |   240 ||   623
  Use: Potion            |       |     1 |     1 ||     2
Armor: Scale mail        |    67 |   119 |   116 ||   302
Dodge: Dodged            |    41 |    79 |    85 ||   205
Block: Kite shield       |    67 |   181 |   164 ||   412

Table legend: (Time is in decaauts)
 A = Elapsed time spent in this place.
 B = Non-inter-level travel time spent in this place.
 C = Inter-level travel time spent in this place.
 D = Time resting spent in this place.
 E = Time spent auto-exploring this place.
 F = Levels seen in this place.
 G = Mean time per level.
                   A        B        C        D        E       F      G
               +--------+--------+--------+--------+--------+-----+--------+
         Total |   5916 |   5793 |    123 |   1123 |   2660 |   6 |  986.0 |
       Dungeon |   5416 |   5293 |    123 |   1060 |   2644 |   5 | 1083.2 |
       Ossuary |    499 |    499 |      0 |     63 |     16 |   1 |  499.0 |
               +--------+--------+--------+--------+--------+-----+--------+

Top non-repeatable levels by time:
     D:3: 1595 daAuts
     D:4: 1250 daAuts
     D:1: 1249 daAuts
     D:2: 1050 daAuts
 Ossuary: 499 daAuts
     D:5: 271 daAuts
